 Dungeon Crawl Stone Soup version 0.28-a0-1234-g826d19b2e0 (webtiles) character file.

Game seed: 1178875286614252698

277 nicanaca0 the Cudgeller (level 6, -6/37 HPs)
             Began as a Gargoyle Berserker on Dec 23, 2021.
             Was a Priest of Trog.
             Mangled by a wight (20 damage)
             ... on level 4 of the Dungeon.
             The game lasted 00:04:59 (4081 turns).

nicanaca0 the Cudgeller (Gargoyle Berserker)        Turns: 4081, Time: 00:05:00

Health: -6/37      AC: 13    Str: 21    XL:     6   Next: 25%
Magic:  6/6        EV: 11    Int:  7    God:    Trog [***...]
Gold:   140        SH:  0    Dex: 17    Spells: 5/5 levels left

rFire   . . .      SeeInvis .   g - +2 whip (drain)
rCold   + . .      Faith    +   (no shield)
rNeg    + . .      Spirit   .   h - +2 ring mail {rC+}
rPois   ∞          Reflect  .   (no helmet)
rElec   +          Harm     .   (no cloak)
rCorr   .          Rampage  .   l - +0 pair of gloves
Will    +....                   (no boots)
Stlth   +.........              f - amulet of faith
HPRegen 0.12/turn               i - ring of willpower
MPRegen 0.10/turn               p - +6 ring of dexterity

@: no status effects
A: sickness immunity, AC +4, negative energy resistance 1, electricity
resistance, torment resistance 1, petrification resistance
a: Renounce Religion, Berserk, Trog's Hand


You were on level 4 of the Dungeon.
You worshipped Trog.
Trog was most pleased with you.
You visited 1 branch of the dungeon, and saw 4 of its levels.

You collected 140 gold pieces.

Inventory:

Hand Weapons
 a - a +0 mace
 g - a +2 whip of draining (weapon)
Missiles
 d - 2 boomerangs
 k - 59 stones (quivered)
 o - 36 sling bullets
Armour
 c - a +0 pair of boots
 h - a +2 ring mail of cold resistance (worn)
 l - a +0 pair of gloves (worn)
 q - a +0 scale mail
Jewellery
 f - an amulet of faith (around neck)
 i - a ring of willpower (left hand)
 p - a +6 ring of dexterity (right hand)
Scrolls
 b - a scroll of identify {@r1}
Potions
 e - a potion of might
 j - 3 potions of curing {unknown}
 m - 2 potions of brilliance {unknown}
 n - a potion of heal wounds {unknown}


   Skills:
 + Level 3.6 Fighting
 * Level 6.5 Maces & Flails
 + Level 2.6 Armour
 - Level 1.5 Dodging


You had 5 spell levels left.
You didn't know any spells.
Your spell library was empty.

Dungeon Overview and Level Annotations

Branches:
Dungeon (4/15)             Temple (0/1) D:4

Altars:


Innate Abilities, Weirdness & Mutations

You are immune to sickness and miasma.
Your stone body is resilient. (AC +4)
You are immune to poison.
You resist negative energy. (rN+)
You are resistant to electric shocks. (rElec)
You are resistant to unholy torment.
You are immune to petrification.


Message History

The wight is heavily damaged.
The wight closely misses you.
You hit the wight.
The wight is severely damaged.
The wight closely misses you.
You barely miss the wight.
The wight is severely damaged.
The wight hits you with a +0 falchion.
You hit the wight.
The wight is almost destroyed.
You barely miss the wight.
The wight is almost destroyed.
You hit the wight but do no damage.
The wight is almost destroyed.
The wight hits you but does no damage.
You completely miss the wight.
The wight is almost destroyed.
The wight barely misses you. The wight completely misses you.
You hit the wight.
The wight is almost destroyed.
The wight hits you with a +3 great sword!
The wight misses you.
You barely miss the wight.
The wight is almost destroyed.
The wight barely misses you.
You hit the wight.
The wight is almost destroyed.
The wight barely misses you.
You hit the wight.
You destroy the wight!
Trog accepts your kill.
The wight hits you with a +3 great sword!
You hit the wight.
The wight is lightly damaged.
The wight hits you with a +3 great sword!
You closely miss the wight.
The wight is lightly damaged.
The wight hits you with a +3 great sword!!
Ouch! That really hurt!
You die...

... ##.#..###.##...#.# ..
###..... #.###.##.#
#.####...#.#.###.# #.##.#
#(.#().###.#..##.###.##.#
#....###...##...........#
##.##(.#........#...###...###
..((.(....##..>..##...#.....##
#.#.####...#...†.)..#........#
.. ####...##@..###...........
. .........#z###.............
.#######)#.#....#..........
#).....#...#.......#
##.#.......##.....##
#...#.#######...## #####.#
##+## #.#


You could see a wight.

Vanquished Creatures
  A scorpion (D:3)
  2 wights (D:4)
  A centaur skeleton (D:3)
  4 adders
  A worm (D:2)
  4 dart slugs
  3 orcs (D:3)
  7 endoplasms
  5 giant cockroaches
  4 goblins
  5 hobgoblins
  3 quokkas
  6 ball pythons
  6 bats
  4 frilled lizards
  7 kobolds
  6 rats
69 creatures vanquished.

Notes
Turn   | Place    | Note
-------+----------+-------------------------------------------
     0 | D:1      | nicanaca0 the Gargoyle Berserker began the quest for the
                  | Orb.
     0 | D:1      | Reached XP level 1. HP: 14/14 MP: 1/1
    89 | D:1      | Found a faded altar of an unknown god.
   307 | D:1      | Reached XP level 2. HP: 19/19 MP: 2/2
   701 | D:1      | You fall into a shaft and drop 1 floor!
   794 | D:2      | Reached skill level 4 in Maces & Flails
  1016 | D:1      | Reached XP level 3. HP: 23/23 MP: 3/3
  1451 | D:1      | Reached ** piety under Trog
  1841 | D:2      | Reached XP level 4. HP: 28/28 MP: 4/4
  2341 | D:2      | Reached skill level 5 in Maces & Flails
  2573 | D:3      | Noticed a scorpion
  2582 | D:3      | Killed a scorpion
  2583 | D:3      | Reached XP level 5. HP: 32/32 MP: 5/5
  2744 | D:3      | Reached skill level 6 in Maces & Flails
  3971 | D:4      | Found a staircase to the Ecumenical Temple.
  4042 | D:4      | Reached XP level 6. HP: 36/37 MP: 6/6
  4076 | D:4      | Reached *** piety under Trog
  4081 | D:4      | Mangled by a wight

Illustrated notes

Levels and vault maps discovered:
D:1:      heliophobic_arrival_glass_houses, layout_loops_ring,
          shapermc_ecumenical_altar_mp_vishouse, minmay_tiny_reverse_x
D:2:      layout_loops_corners
D:3:      layout_loops_corners
D:4:      layout_loops_corners, minmay_temple_entry_slanted

Skill      XL: |  1  2  3  4  5 |
---------------+----------------+-----
Maces & Flails | 4 5 6 |  6.5
Fighting       | |  3.6
Armour         | |  2.6
Dodging        | |  1.5

Action                   |  1- 3 |  4- 6 || total
-------------------------+-------+-------++-------
Melee: Mace              |    40 |       ||    40
       Whip              |    50 |   115 ||   165
Throw: Stone             |    49 |   114 ||   163
Invok: Berserk           |       |     1 ||     1
  Use: Scroll            |       |     5 ||     5
Armor: Ring mail         |    46 |    16 ||    62
       Scale mail        |       |    30 ||    30
Dodge: Dodged            |    54 |    52 ||   106

Table legend: (Time is in decaauts)
 A = Elapsed time spent in this place.
 B = Non-inter-level travel time spent in this place.
 C = Inter-level travel time spent in this place.
 D = Time resting spent in this place.
 E = Time spent auto-exploring this place.
 F = Levels seen in this place.
 G = Mean time per level.
                   A        B        C        D        E       F      G
               +--------+--------+--------+--------+--------+-----+--------+
         Total |   4089 |   3884 |    205 |    285 |   2905 |   4 | 1022.2 |
       Dungeon |   4089 |   3884 |    205 |    285 |   2905 |   4 | 1022.2 |
               +--------+--------+--------+--------+--------+-----+--------+

Top non-repeatable levels by time:
     D:1: 1443 daAuts
     D:2: 1132 daAuts
     D:3: 1123 daAuts
     D:4: 390 daAuts
